 Dungeon Crawl Stone Soup version 0.29-a0-393-g47a863cc1b (webtiles) character file.

Game seed: 5580045054743204540

112 Hubjo the Magician (level 4, -4/39 HPs)
             Began as a Deep Elf Fire Elementalist on May 9, 2022.
             Slain by an orc priest
             ... wielding a +0 mace
              (6 damage)
             ... on level 3 of the Dungeon.
             The game lasted 00:03:53 (3524 turns).

Hubjo the Magician (Deep Elf Fire Elementalist)     Turns: 3524, Time: 00:03:53

Health: -4/39      AC:  2    Str:  5    XL:     4   Next: 64%
Magic:  7/12       EV: 13    Int: 20    God:
Gold:   208        SH:  0    Dex: 17    Spells: 10/11 levels left

rFire   . . .      SeeInvis .   l - +4 dagger of Linearity {drain, rElec}
rCold   . . .      Faith    .   g - orb {*channel}
rNeg    . . .      Spirit   .   a - +0 robe
rPois   .          Reflect  .   (no helmet)
rElec   +          Harm     .   (no cloak)
rCorr   .          Rampage  .   (no gloves)
Will    .....                   (no boots)
Stlth   ..........              (no amulet)
HPRegen 0.13/turn               (no ring)
MPRegen 0.13/turn               (no ring)

@: berserking, very slightly contaminated, very quick
A: no striking features
a: no special abilities


You were on level 3 of the Dungeon.
You visited 1 branch of the dungeon, and saw 3 of its levels.

You collected 208 gold pieces.

Inventory:

Hand Weapons
 l - the +4 dagger of Linearity (weapon) {drain, rElec}
   (You found it on level 3 of the Dungeon)

   A truly terrible weapon, it drains the life of any living foe it strikes.
   rElec:     It insulates you from electricity.
Armour
 a - a +0 robe (worn)
 c - a +0 leather armour of poison resistance
 g - an orb of energy (worn)
Scrolls
 d - 2 scrolls of teleportation {unknown}
 e - 3 scrolls of identify {unknown}
 j - a scroll of fog {unknown}
 k - a scroll of blinking {unknown}
 n - a scroll of amnesia {unknown}
 o - a scroll of magic mapping {unknown}
Potions
 b - a potion of magic
 f - a potion of cancellation {unknown}
 i - 2 potions of mutation {unknown}
 m - 2 potions of curing {unknown}


   Skills:
 * Level 2.1 Fighting
 - Level 2.4 Dodging
 + Level 3.6 Stealth
 + Level 4.0 Spellcasting
 - Level 1.1 Conjurations
 + Level 4.0 Fire Magic


You had 10 spell levels left.
You knew the following spells:

 Your Spells              Type           Power      Damage    Failure   Level
a - Foxfire               Conj/Fire      56%        2x1d6     4%          1

Your spell library contained the following spells:

 Spells                   Type           Power      Damage    Failure   Level
 Scorch                   Fire           40%        2d7       3%          2
 Apportation              Tloc           8%         N/A       13%         1
 Conjure Flame            Conj/Fire      14%        6-21      14%         3
 Inner Flame              Hex/Fire       12%        N/A       17%         3
 Gell's Gravitas          Tloc           4%         N/A       36%         3
 Lesser Beckoning         Tloc           4%         N/A       36%         3
 Ozocubu's Armour         Ice            4%         N/A       36%         3
 Teleport Other           Tloc           4%         N/A       36%         3
 Flame Wave               Conj/Fire      14%        2d6       41%         4
 Passage of Golubria      Tloc           4%         N/A       77%         4
 Ozocubu's Refrigeration  Ice            2%         4d5       100%        7


Dungeon Overview and Level Annotations

Branches:
Dungeon (3/15)

Altars:
Qazlal


Message History

An orc comes into view. It is wielding a +0 trident.
The orc priest shouts!
There are monsters nearby!
There are monsters nearby!
You conjure some foxfire!
The foxfire hits the orc.
The orc is severely wounded.
You conjure some foxfire!
An orc comes into view. It is wielding a +0 short sword.
The foxfire hits the orc.
You kill the orc!
Your Spellcasting skill increases to level 4!
You conjure some foxfire!
The orc priest zaps a wand.
The mass of ice explodes!
The iceblast engulfs your foxfire! The iceblast engulfs you!
You conjure some foxfire!
There is not enough space to conjure foxfire!
The foxfire hits the orc.
The orc is severely wounded.
The orc throws a boomerang.
The boomerang hits you.
You miscast Foxfire.
You are very lightly contaminated with residual magic.
Nothing appears to happen.
The orc throws a boomerang.
The boomerang hits you.
You are too injured to fight recklessly!
A red film seems to cover your vision as you go berserk!
You feel yourself moving faster!
You feel mighty!
The orc priest calls down the wrath of Beogh upon you.
Beogh smites you!
* * * LOW HITPOINT WARNING * * *
You barely miss the orc.
The orc is heavily wounded.
The orc barely misses you.
You puncture the orc!
You kill the orc!
Your Fire Magic skill increases to level 4!
You are too berserk!
Things that are here:
a +0 short sword; 2 boomerangs; an orc corpse You barely miss the orc priest.
The orc priest hits you with a +0 mace.
You die...

#.# #.####.# #.#
#......# #.#
######## #.# #.#
#.# #.#
#.############.#
#.......@o)....#
##############.#


You could see an orc priest.

Vanquished Creatures
  An orc wizard (D:3)
  3 adders
  3 worms
  2 dart slugs
  2 orcs (D:3)
  8 ball pythons
  4 endoplasms
  A giant cockroach (D:2)
  2 goblins (D:1)
  4 hobgoblins
  A quokka (D:2)
  7 bats
  4 frilled lizards
  3 kobolds
  3 rats
48 creatures vanquished.

Vanquished Creatures (collateral kills)
  4 foxfires (D:1)
4 creatures vanquished.

Vanquished Creatures (others)
  226 foxfires
  3 plants (D:1)
229 creatures vanquished.

Grand Total: 281 creatures vanquished

Notes
Turn   | Place    | Note
-------+----------+-------------------------------------------
     0 | D:1      | Hubjo the Deep Elf Fire Elementalist began the quest for
                  | the Orb.
     0 | D:1      | Reached XP level 1. HP: 10/10 MP: 6/6
   260 | D:1      | Reached XP level 2. HP: 16/16 MP: 5/8
   341 | D:1      | Got the Guide on Enchanting Orientation
   653 | D:1      | You fall into a shaft and drop 1 floor!
   776 | D:2      | Reached skill level 1 in Fighting
  2007 | D:2      | Reached XP level 3. HP: 20/20 MP: 3/9
  2781 | D:3      | Reached XP level 4. HP: 26/26 MP: 6/11
  2903 | D:3      | Identified the +4 dagger of Linearity {drain, rElec}
  3174 | D:3      | Found a stormy altar of Qazlal.
  3524 | D:3      | Slain by an orc priest

Illustrated notes

Levels and vault maps discovered:
D:1:      dpeg_arrival_round_c, layout_loops_ring, serial_forest,
          infiniplex_forest_clump_tiny, infiniplex_forest_clump_tiny,
          infiniplex_forest_lined_2, infiniplex_forest_lined_3,
          infiniplex_forest_fountain, minmay_misc_feat_tower,
          minmay_strange_pillars
D:2:      layout_rooms, minmay_misc_feat_four_crosses, grunt_decor_mini_mirrors,
          st_stairs_3, minmay_misc_feat_alley
D:3:      layout_basic, nicolae_qazlal_scattered_showers

Skill      XL: |  1  2  3  4 |
---------------+-------------+-----
Fighting       | 1 2 |  2.1
Stealth        | 3 |  3.6
Spellcasting   | 4 |  4.0
Fire Magic     | 4 |  4.0
Dodging        | |  2.4
Conjurations   | |  1.1

Action                   |  1- 3 |  4- 6 || total
-------------------------+-------+-------++-------
Melee: Unarmed           |     2 |       ||     2
       Dagger            |       |     8 ||     8
 Cast: Foxfire           |   123 |    27 ||   150
  Use: Potion            |       |     2 ||     2
Armor: Robe              |     7 |     1 ||     8
Dodge: Dodged            |    22 |     7 ||    29

Table legend: (Time is in decaauts)
 A = Elapsed time spent in this place.
 B = Non-inter-level travel time spent in this place.
 C = Inter-level travel time spent in this place.
 D = Time resting spent in this place.
 E = Time spent auto-exploring this place.
 F = Levels seen in this place.
 G = Mean time per level.
                   A        B        C        D        E       F      G
               +--------+--------+--------+--------+--------+-----+--------+
         Total |   3537 |   3506 |     31 |      0 |   3010 |   3 | 1179.0 |
       Dungeon |   3537 |   3506 |     31 |      0 |   3010 |   3 | 1179.0 |
               +--------+--------+--------+--------+--------+-----+--------+

Top non-repeatable levels by time:
     D:1: 1489 daAuts
     D:2: 1126 daAuts
     D:3: 921 daAuts
